 Dungeon Crawl Stone Soup version 0.18-a0-1797-gc18daef (webtiles) character file.

372 epen the Insei (level 6, -1/43 HPs)
             Began as an Octopode Monk on Apr 22, 2016.
             Killed from afar by a white imp (11 damage)
             ... with a puff of frost
             ... summoned by Eustachio
             ... on level 4 of the Dungeon.
             The game lasted 00:06:35 (4769 turns).

epen the Insei (Octopode Monk)                      Turns: 4769, Time: 00:06:37

Health: -1/43      AC:  1    Str: 10    XL:     6   Next: 71%
Magic:  6/6        EV: 15    Int: 12    God:
Gold:   131        SH:  0    Dex: 17    Spells: 0 memorised, 5 levels left

rFire  . . .     SeeInvis .       - Unarmed
rCold  . . .     Gourm    .     (no shield)
rNeg   . . .     Faith    .     (helmet restricted)
rPois  .         Spirit   .     (no amulet)
rElec  .         Dismiss  .     n - ring of sustain attributes
rCorr  .         Reflect  .     (no ring)
SustAt +         Harm     .     (no ring)
MR     .....                    (no ring)
Stlth  ++++......               (no ring)
                                (no ring)
                                (no ring)
                                (no ring)

@: not resistant to hostile enchantments, stealthy
A: almost no armour, amphibious, 8 rings, constrict 8, camouflage 1, gelatinous
body 1
a: no special abilities


You were on level 4 of the Dungeon.
You were not hungry.

You visited 1 branch of the dungeon, and saw 4 of its levels.

You collected 131 gold pieces.

Inventory:

Missiles
 i - a throwing net (quivered)
Jewellery
 n - a ring of sustain attributes (left tentacle)
Wands
 e - a wand of confusion (27/48)
 m - a wand of flame (26/48)
Scrolls
 g - 2 scrolls of recharging
Potions
 c - a potion of haste {unknown}
 d - a potion of mutation {unknown}
 k - 2 potions of degeneration {unknown}
 q - 3 potions of curing
 r - 2 potions of brilliance
Comestibles
 a - 5 bread rations
 b - 2 meat rations
 p - 4 fruits


   Skills:
 + Level 3.8 Fighting
 * Level 4.5 Dodging
 + Level 4.9 Stealth
 * Level 5.8 Unarmed Combat


You had 5 spell levels left.
You didn't know any spells.

Dungeon Overview and Level Annotations

Branches:
Dungeon (4/15)
 Temple: D:4-7

Altars:
Cheibriados
Fedhas
Gozag
Makhleb
Okawaru
Pakellas
Xom
Zin

Annotations:
D:2 1 exclusion
D:3 Pikel
D:4 Eustachio


Innate Abilities, Weirdness & Mutations

You cannot wear most types of armour.
You are amphibious.
You can wear up to eight rings at the same time.
You can use your tentacles to constrict eight enemies at once.
Your skin changes colour to match your surroundings (Stealth).
Your rubbery body absorbs attacks (AC +1).


Message History

You tentacle-slap the river rat but do no damage.
You grab the river rat. You squeeze the river rat!
The river rat is almost dead.
You constrict the river rat. The bat hits you. The bat barely misses you.
The rat barely misses you. The river rat bites you!
* * * LOW HITPOINT WARNING * * *
You tentacle-slap the river rat but do no damage.
You squeeze the river rat.
You kill the river rat!
The river rat's corpse disappears in a puff of smoke!
The bat completely misses you.
Eustachio mumbles some strange words.
The rat misses you. The bat completely misses you. The bat misses you.
Eustachio casts a spell.
Eustachio blinks!
The bat closely misses you. The white imp gestures at you.
The puff of frost hits you!
You die...

#...#.....
#...###..... ##..##
##...# ## ##..#
###.# #.##... ###
#.r.# #r#
#b#############
#@#...........###
#ยง5.............##
#.55..............#
#................##
#........@.......###
#...............####
#...............##..
#..............#...#
#####.......###.####


You could see Eustachio, a quasit, a white imp, a shadow imp, a bat and 2 rats.

Vanquished Creatures
  3 slaves
  2 crimson imps (D:3)
  Jessica (D:3)
  Ijyb (D:3)
  Natasha (D:3)
  2 worker ants
  Terence (D:3)
  6 adders
  An ooze (D:3)
  4 worms
  4 dart slugs
  2 giant geckos (D:2)
  An orc (D:3)
  9 bats
  2 giant cockroaches
  8 goblins
  6 hobgoblins
  9 jackals
  5 quokkas
  6 giant newts
  6 kobolds
  8 rats
88 creatures vanquished.

Notes
Turn   | Place    | Note
--------------------------------------------------------------
     0 | D:1      | epen the Octopode Monk began the quest for the Orb.
     0 | D:1      | Reached XP level 1. HP: 16/16 MP: 1/1
    78 | D:1      | Reached XP level 2. HP: 14/21 MP: 2/2
   952 | D:2      | Reached XP level 3. HP: 26/26 MP: 3/3
   963 | D:2      | Found an iron altar of Okawaru.
  1029 | D:2      | Found an oddly glowing altar of Pakellas.
  1476 | D:2      | Reached XP level 4. HP: 25/31 MP: 4/4
  1479 | D:2      | Found a faded altar to an unknown god.
  1673 | D:2      | Found a blossoming altar of Fedhas.
  2201 | D:3      | Reached skill level 5 in Unarmed Combat
  2207 | D:3      | Noticed Terence
  2220 | D:3      | Killed Terence
  2223 | D:3      | Reached XP level 5. HP: 22/36 MP: 5/5
  2419 | D:3      | Noticed Jessica
  2426 | D:3      | Killed Jessica
  2488 | D:3      | Found a snail-covered altar of Cheibriados.
  2567 | D:3      | Found an opulent altar of Gozag.
  2699 | D:3      | Noticed Natasha
  2706 | D:3      | Killed Natasha
  2944 | D:3      | Found a shimmering altar of Xom.
  2945 | D:3      | Found a burning altar of Makhleb.
  2949 | D:3      | Reached XP level 6. HP: 42/42 MP: 6/6
  2964 | D:3      | Noticed Ijyb
  2975 | D:3      | Killed Ijyb
  3597 | D:4      | Noticed a slave
  3599 | D:4      | Noticed a slave
  3599 | D:4      | Noticed a slave
  3601 | D:4      | Noticed Pikel
  3602 | D:4      | Noticed a slave
  3938 | D:4      | Found a glowing silver altar of Zin.
  3960 | D:4      | Killed a slave
  4010 | D:3      | Killed a slave
  4497 | D:4      | Killed a slave
  4754 | D:4      | Noticed Eustachio
  4769 | D:4      | Killed from afar by a white imp

Vault maps used:
D:1:      tarquinn_simple_flora_water_f
D:2:      kennysheep_okawaru_gauntlet, old_standard_altar,
          grunt_pakellas_basics, first_bread, ecumenical_altar_1
D:3:      grunt_temple_overflow_champion_of_chaos,
          lemuel_coloured_pillars_altar, marbit_many_paths, grunt_ministairs_4,
          uniq_iyjb, uniq_natasha, uniq_terence, uniq_jessica
D:4:      lemuel_crystal_altar, tgw_fedhas, uniq_pikel, uniq_eustachio

Skill      XL: |  1  2  3  4  5 |
---------------+----------------+-----
Stealth        | 3 4 |  4.9
Unarmed Combat | 5 |  5.8
Dodging        | 4 |  4.5
Fighting       | |  3.8

Action                   |  1- 3 |  4- 6 || total
-------------------------+-------+-------++-------
Melee: Unarmed           |    54 |   166 ||   220
       Constrict         |    15 |    41 ||    56
       Tentacles         |     6 |    35 ||    41
       Punch             |       |     5 ||     5
  Use: Scroll            |       |     9 ||     9
 Stab: Sleeping          |    10 |    13 ||    23
  Eat: Chunk             |     1 |    11 ||    12
Armor: Skin              |     2 |     6 ||     8
Dodge: Dodged            |    27 |   106 ||   133
